 Dungeon Crawl Stone Soup version 0.32-a0-576-g706899e69d (webtiles) character file.

Game seed: 3527966460076372137

2348 Dogenite the Protected (level 9, 0/75 HPs)
             Began as a Minotaur Fighter on Mar 1, 2024.
             Was an Initiate of Gozag.
             Killed by divine providence
             ... invoked by an orc priest
              (13 damage)
             ... on level 7 of the Dungeon.
             The game lasted 00:19:55 (8462 turns).

Dogenite the Protected (Minotaur Fighter)           Turns: 8462, Time: 00:20:00

Health: 0/75       AC:  8    Str: 23    XL:     9   Next: 20%
Magic:  8/8        EV: 10    Int:  5    God:    Gozag
Gold:   508        SH: 15    Dex: 12    Spells: 8/8 levels left

rFire   + . .        l - +4 spear (venom)
rCold   x . .        i - +0 kite shield
rNeg    . . .        b - +0 scale mail
rPois   .            (helmet restricted)
rElec   .            (no cloak)
rCorr   .            (no gloves)
SInv    .            (no boots)
Will    .....        k - amulet of reflection
Stlth   +            n - ring of fire
HPRegen 0.32/turn    (no ring)
MPRegen 0.11/turn

%: reflection
@: no status effects
A: horns 2, retaliatory headbutt, talons 1, sense surroundings 1
a: Renounce Religion, Potion Petition, Call Merchant, Bribe Branch


You were on level 7 of the Dungeon.
You worshipped Gozag.
Gozag was pleased with you.
You visited 1 branch of the dungeon, and saw 7 of its levels.

You collected 581 gold pieces.
You spent 33 gold pieces at shops.
You paid 40 gold pieces to Gozag.

Inventory:

Hand Weapons
 a - a +0 long sword
 l - a +4 spear of venom (weapon)
Armour
 b - a +0 scale mail (worn)
 c - a +0 buckler
 i - a +0 kite shield (worn)
 s - a +1 ring mail of willpower
Jewellery
 k - an amulet of reflection (around neck)
 n - a ring of fire (left hand)
Talismans
 q - a blade talisman
Wands
 f - a wand of flame (13)
 m - a wand of roots (1)
Scrolls
 e - a scroll of poison
 h - a scroll of teleportation
Potions
 d - a potion of ambrosia {unknown}
 g - a potion of heal wounds {unknown}
 j - a potion of enlightenment {unknown}


   Skills:
 + Level 5.8 Fighting
 + Level 4.6 Long Blades
 + Level 6.2 Polearms
 + Level 8.9 Armour
 + Level 3.7 Dodging
 + Level 2.0 Stealth
 + Level 7.7 Shields


You had 8 spell levels left.
You didn't know any spells.
Your spell library contained the following spells:

 Spells                   Type           Power      Damage    Failure   Level
 Kiss of Death            Conj/Necr      0%         2d5       92%         1
 Jinxbite                 Hex            0%         N/A       98%         2
 Confusing Touch          Hex            0%         N/A       100%        3
 Dispel Undead            Necr           0%         3d6       100%        4
 Yara's Violent Unravell  Hex/Alch       0%         3d3       100%        5
 Enfeeble                 Hex            0%         N/A       100%        7


Dungeon Overview and Level Annotations

Branches:
Dungeon (7/15)             Temple (0/1) D:4

Altars:
Fedhas
Gozag
Trog
Yredelemnul

Shops:
D:2 *   D:4 !

Annotations:
D:6 Jeremiah


Innate Abilities, Weirdness & Mutations

You have a pair of horns on your head.
You reflexively headbutt those who attack you in melee.
You have sharp toenails.
You passively map a small area around you.


Message History

An ice beast comes into view.
Your life force feels restored.
You see here 18 gold pieces.
There are monsters nearby!
The ice beast is distracted by your dazzling golden aura.
You see here 18 gold pieces.
The ice beast is no longer distracted by gold.
You see here a viscous purple potion.
You see here 18 gold pieces.
You see here 18 gold pieces.
You now have 508 gold pieces (gained 18).
The orc priest is distracted by your dazzling golden aura.
You see here a viscous purple potion.
j - a viscous purple potion The orc priest is no longer distracted by gold.
The orc priest looks encouraged for a moment.
The orc priest looks satisfied for a moment.
The orc priest miscasts a cantrip.
The orc priest mumbles some strange prayers to Beogh against you.
Beogh smites you!
The orc priest invokes the aid of Beogh against you.
Beogh smites you!
You see here a +0 ring mail.
You block the ice beast's attack.
The orc priest invokes the aid of Beogh against you.
Beogh smites you! The ice beast closely misses you.
You hit the ice beast. Your kick misses the ice beast.
You headbutt the ice beast!
The ice beast is heavily wounded.
The ice beast barely misses you.
You hit the ice beast but do no damage.
You headbutt the ice beast, but do no damage.
The ice beast is heavily wounded.
The ice beast hits you. The ice beast freezes you!
You feel a terrible chill!
* * * LOW HITPOINT WARNING * * *
The orc priest calls down the wrath of Beogh upon you.
Beogh smites you!
You die...
Your body crumbles into a pile of gold.

~ ≈≈≈.... * * , ~ ,≈≈..... ,
,, , , .........# * , , ..
........# *,, , ,
...,,.......### * ,
......###........###### ..
.......#.............##...
###................<........
,
#.....§≈≈≈≈≈≈≈≈Y@.))........
#.....≈.......≈.o.)..##.....
,, . ....≈§###.#.≈§....##
##.. .. ##.§§#...#...[...# ,
* ...#.§≈.#._.#.≈..§..#
#....≈.#...#.≈......... ,
##...§.#.###.≈...#.....
#.#.≈§......≈.####..... ,
....§.§≈≈≈≈≈≈≈≈.#* ....., ,


You could see an ice beast and an orc priest.

Vanquished Creatures
  Grinder (D:6)
  A wyvern (D:5)
  2 steam dragons
  A sky beast (D:5)
  A black bear (D:5)
  2 ogres (D:5)
  2 centaurs (D:6)
  4 phantoms
  4 scorpions
  3 killer bees (D:6)
  4 bombardier beetles
  4 hounds
  2 orc priests (D:5)
  A sleepcap (D:5)
  4 iguanas
  An orc wizard (D:7)
  An adder (D:5)
  2 white imps
  2 dart slugs (D:2)
  A ribbon worm (D:2)
  14 orcs
  4 ball pythons
  A bat (D:3)
  4 endoplasms
  3 giant cockroaches
  12 goblins
  8 hobgoblins
  8 kobolds
  6 quokkas
  2 frilled lizards
  2 rats (D:2)
107 creatures vanquished.

Vanquished Creatures (others)
  2 orcs (D:7)
2 creatures vanquished.

Grand Total: 109 creatures vanquished

Notes
Turn   | Place    | Note
-------+----------+-------------------------------------------
     0 | D:1      | Dogenite the Minotaur Fighter began the quest for the Orb.
     0 | D:1      | Reached XP level 1. HP: 19/19 MP: 0/0
   276 | D:1      | Reached XP level 2. HP: 27/27 MP: 1/1
   576 | D:1      | Reached skill level 4 in Armour
   824 | D:2      | Found a faded altar of an unknown god.
   897 | D:2      | Found Piuwoig's General Store.
   914 | D:2      | Bought a scroll of teleportation for 33 gold pieces
   922 | D:2      | Reached XP level 3. HP: 31/33 MP: 2/2
  2190 | D:3      | Reached XP level 4. HP: 37/40 MP: 3/3
  2192 | D:3      | Found a blossoming altar of Fedhas.
  2521 | D:4      | Found a staircase to the Ecumenical Temple.
  2540 | D:4      | Reached XP level 5. HP: 40/46 MP: 4/4
  2541 | D:4      | Reached skill level 5 in Armour
  2653 | D:4      | Reached skill level 1 in Polearms
  2653 | D:4      | Reached skill level 1 in Dodging
  2660 | D:4      | Found an opulent altar of Gozag.
  2670 | D:4      | Became a worshipper of Gozag Ym Sagoz the Greedy
  2745 | D:4      | Reached XP level 6. HP: 44/53 MP: 5/5
  3141 | D:4      | Found Yriubb's Distillery.
  3459 | D:5      | Entered Level 5 of the Dungeon
  3512 | D:5      | Reached skill level 6 in Armour
  3512 | D:5      | Reached skill level 5 in Shields
  3610 | D:5      | Reached XP level 7. HP: 58/60 MP: 6/6
  3728 | D:5      | HP: 3/60 [orc/+0 mace (6)]
  3731 | D:5      | Reached skill level 1 in Stealth
  4127 | D:5      | Reached skill level 5 in Fighting
  4166 | D:5      | Reached skill level 7 in Armour
  4192 | D:5      | Reached XP level 8. HP: 68/68 MP: 7/7
  4537 | D:5      | Found a bloodstained altar of Trog.
  5210 | D:6      | Reached skill level 5 in Polearms
  5269 | D:6      | Noticed Grinder
  5284 | D:6      | Killed Grinder
  5285 | D:6      | Reached skill level 8 in Armour
  5639 | D:6      | Noticed Jeremiah
  5692 | D:6      | Gained mutation: You passively map a small area around you.
                  | [potion of mutation]
  5692 | D:6      | Gained mutation: You have sharp toenails. [potion of
                  | mutation]
  7073 | D:6      | Reached XP level 9. HP: 28/72 MP: 8/8
  8409 | D:7      | Found a basalt altar of Yredelemnul.
  8462 | D:7      | Killed from afar by an orc priest

Illustrated notes

Levels and vault maps discovered:
D:1:      dpeg_arrival_short_road, layout_loops_ring, grunt_decor_one_mirror,
          feat_on_display
D:2:      layout_loops_ring, shapermc_ecumenical_altar_notcrosses, serial_shops,
          shop
D:3:      layout_loops_corners, fedhas_altar_fruit_tree, minmay_circle_x
D:4:      layout_basic, grunt_gozag_statues, minmay_temple_entry_waves,
          nicolae_take_the_stairs, grunt_ministairs_14
D:5:      minmay_spotlight, layout_gridville, overflow_temple_1_default,
          kennysheep_nub
D:6:      layout_cave_pools, uniq_grinder, uniq_jeremiah
D:7:      layout_cave_pools, mainiacjoe_overflow_brackets,
          mainiacjoe_overflow_surrounded_room, hex_large, nicolae_shop_self_help

Skill      XL: |  1  2  3  4  5  6  7  8  9 |
---------------+----------------------------+-----
Armour         | 4 5 6 7 8 |  8.9
Fighting       | 4 5 |  5.8
Shields        | 4 5 7 |  7.7
Long Blades    | 3 4 |  4.6
Polearms       | 1 2 4 5 6 |  6.2
Dodging        | 1 2 3 |  3.7
Stealth        | 1 2 |  2.0

Action                     |  1- 3 |  4- 6 |  7- 9 || total
---------------------------+-------+-------+-------++-------
  Melee: Long sword        |    80 |       |       ||    80
         Headbutt          |    19 |    17 |    35 ||    71
         Spear             |    31 |    58 |   178 ||   267
         Kick              |       |       |     9 ||     9
    Use: Scroll            |     1 |       |     9 ||    10
         Potion            |       |       |    16 ||    16
   Stab: Invisible         |       |       |     2 ||     2
 Armour: Scale mail        |    71 |    21 |   134 ||   226
         Ring mail         |       |       |     2 ||     2
  Dodge: Dodged            |    52 |    26 |    70 ||   148
  Block: Buckler           |    34 |    22 |    76 ||   132
         Kite shield       |       |       |    58 ||    58
         Reflection        |       |       |     9 ||     9

Table legend: (Time is in decaauts)
 A = Elapsed time spent in this place.
 B = Non-inter-level travel time spent in this place.
 C = Inter-level travel time spent in this place.
 D = Time resting spent in this place.
 E = Time spent auto-exploring this place.
 F = Levels seen in this place.
 G = Mean time per level.
                   A        B        C        D        E       F      G
               +--------+--------+--------+--------+--------+-----+--------+
         Total |   8479 |   8348 |    131 |   2792 |   2903 |   7 | 1211.3 |
       Dungeon |   8479 |   8348 |    131 |   2792 |   2903 |   7 | 1211.3 |
               +--------+--------+--------+--------+--------+-----+--------+

Top non-repeatable levels by time:
     D:5: 3414 daAuts
     D:6: 1235 daAuts
     D:3: 997 daAuts
     D:4: 980 daAuts
     D:2: 798 daAuts
     D:1: 713 daAuts
     D:7: 340 daAuts
